 Dungeon Crawl Stone Soup version 0.31-a0-532-g28f74ba3e5 (webtiles) character file.

Game seed: 7150489200771727099

17292 freelancePsychic the Fighter (level 12, -5/105 HPs)
             Began as a Demonspawn Shapeshifter on Aug 12, 2023.
             Was a High Priest of Makhleb.
             Slain by a minotaur (22 damage)
             ... in a Gauntlet.
             The game lasted 00:27:55 (11111 turns).

freelancePsychic the Fighter (DsSh)                Turns: 11111, Time: 00:27:56

Health: -5/105     AC:  9    Str: 30    XL:     12   Next: 17%
Magic:  16/16      EV: 13    Int: 10    God:    Makhleb [*****.]
Gold:   658        SH:  0    Dex: 15    Spells: 11/11 levels left

rFire   . .          .
                       - Unarmed
rCold   + . .        (shield currently unavailable)
rNeg    . . .        t - melded +1 ring mail {rPois}
rPois   .            a - melded +0 helmet
rElec   .            (cloak unavailable)
rCorr   .            (gloves currently unavailable)
SInv    .            M - melded +2 pair of boots
Will    .....        l - amulet of the acrobat
Stlth   +            D - +6 ring of strength
HPRegen 0.37/turn    K - ring of protection from cold
MPRegen 0.15/turn

%: no teleportation, acrobat
@: snake-form, studying Throwing
A: constrict, large, rugged brown scales 1, powered by death 1, (spiny 2),
(weakness stinger 3)
a: Begin Untransformation, Renounce Religion, Minor Destruction, Lesser Servant
of Makhleb, Major Destruction, Greater Servant of Makhleb


You were in a Gauntlet.
You worshipped Makhleb.
Makhleb was extremely pleased with you.
You were an enormous anaconda.
You visited 1 branch of the dungeon, and saw 12 of its levels.
You also visited: Ossuary, Bailey and Gauntlet.

You collected 770 gold pieces.
You spent 112 gold pieces at shops.

Inventory:

Missiles
 b - 4 throwing nets
Armour
 a - a +0 helmet (melded)
 i - a +0 plate armour of willpower
 t - a +1 ring mail of poison resistance (melded)
 M - a +2 pair of boots (melded)
Jewellery
 l - an amulet of the acrobat (around neck)
 x - a ring of willpower
 B - a ring of ice
 D - a +6 ring of strength (left hand)
 E - the ring of Temptation {Fire rElec Str+3 Int-3}
   (You acquired it on level 12 of the Dungeon)

   [ring of fire]

   Fire:      It enhances your fire magic.
   Str+3:     It affects your strength (+3).
   Int-3:     It affects your intelligence (-3).
   rF+:       It protects you from fire.
   rC-:       It makes you vulnerable to cold.
   rElec:     It insulates you from electricity.
 F - the ring of Losoy {rElec Will- rCorr Int+9 Dex-2}
   (You found it in an ossuary)

   [ring of resist corrosion]

   Int+9:     It affects your intelligence (+9).
   Dex-2:     It affects your dexterity (-2).
   rElec:     It insulates you from electricity.
   Will-:     It decreases your willpower.
   rCorr:     It protects you from acid and corrosion.
 I - a ring of flight
 K - a ring of protection from cold (right hand)
 L - an amulet of faith
 Q - an amulet of magic regeneration
 R - the ring "Vyigg" {Will+ Str+3 Dex+2}
   (You found it in a Gauntlet)

   [ring of willpower]

   Str+3:     It affects your strength (+3).
   Dex+2:     It affects your dexterity (+2).
   Will+:     It increases your willpower.
Talismans
 c - a beast talisman
 d - a flux talisman
 S - a serpent talisman (active)
Wands
 q - a wand of paralysis (25)
 z - a wand of roots (12)
 A - a wand of mindburst (18)
 N - a wand of flame (2)
Scrolls
 e - a scroll of poison
 g - 4 scrolls of amnesia
 j - 3 scrolls of fear
 k - a scroll of vulnerability
 n - 3 scrolls of teleportation {@r4}
 s - 2 scrolls of enchant armour
 u - 2 scrolls of fog
 w - 3 scrolls of torment
 y - a scroll of immolation {unknown}
 C - 2 scrolls of brand weapon
 O - 2 scrolls of blinking {unknown}
 P - a scroll of noise {unknown}
Potions
 f - 2 potions of might {unknown}
 h - 3 potions of degeneration {unknown}
 m - 2 potions of curing {@q1}
 o - 4 potions of mutation {unknown}
 p - a potion of experience {unknown}
 r - 3 potions of enlightenment {unknown}
 v - 2 potions of magic {unknown}
 G - 2 potions of haste {unknown}
 H - 3 potions of heal wounds {unknown}
 J - a potion of attraction {unknown}


   Skills:
 + Level 11.1 Fighting
 + Level 7.6 Dodging
 + Level 10.5 Unarmed Combat
 - Level 6.0 Invocations
 * Level 7.5 Shapeshifting


You had 11 spell levels left.
You didn't know any spells.
Your spell library contained the following spells:

 Spells                   Type           Power      Damage    Failure   Level
 Necrotise                Necr           0%         1d4       36%         1
 Slow                     Hex            0%         N/A       36%         1
 Sting                    Tmut/Pois      0%         1d3       36%         1
 Blink                    Tloc           0%         N/A       50%         2
 Ensorcelled Hibernation  Hex/Ice        0%         N/A       50%         2
 Lesser Beckoning         Tloc           0%         N/A       50%         2
 Momentum Strike          Conj/Tloc      0%         3d8       50%         2
 Passwall                 Tmut/Erth      0%         N/A       50%         2
 Poisonous Vapours        Pois/Air       0%         N/A       50%         2
 Confusing Touch          Hex            0%         N/A       75%         3
 Swiftness                Air            0%         N/A       75%         3
 Vampiric Draining        Necr           0%         2d6       75%         3
 Animate Armour           Summ/Erth      0%         N/A       98%         4
 Olgreb's Toxic Radiance  Pois           0%         N/A       98%         4
 Summon Lightning Spire   Summ/Air       0%         N/A       98%         4
 Agony                    Necr           0%         N/A       100%        5
 Lee's Rapid Deconstruct  Erth           0%         3d4*      100%        5


Dungeon Overview and Level Annotations

Branches:
Dungeon (12/15)            Temple (0/1) D:7            Lair (0/5) D:8
    Orc (0/2) D:11        Ossuary (visited)          Bailey (visited)
Gauntlet (1/1)

Altars:
Dithmenos
Fedhas
Kikubaaqudgha
Makhleb
Okawaru
Uskayaw
Xom

Shops:
D:4 :   D:6 =   D:7 [

Annotations:
D:6 1 runed translucent door, Crazy Yiuf
D:11 3 runed translucent doors Gauntlet 6 transporters


Innate Abilities, Weirdness & Mutations

You are an enormous anaconda.
You have a powerful constriction melee attack.
Your armour is entirely melded.
You are incapable of wielding weapons or throwing items.
(You are partially covered in rugged brown scales. (AC +1, +3% HP))
You regenerate a little health from kills.
((You are mostly covered in sharp spines.))
((You have a sharp stinger which inflicts weakening toxins.))


Message History

The silver sears you! The minotaur completely misses you. x2
You hit the minotaur. You grab the minotaur.
The minotaur is lightly wounded.
You constrict the minotaur, but do no damage.
The minotaur barely misses you. The minotaur gores you!
You lash the minotaur!
The minotaur is moderately wounded.
You constrict the minotaur, but do no damage.
The minotaur barely misses you. The minotaur closely misses you.
You hit the minotaur but do no damage.
The minotaur is moderately wounded.
You constrict the minotaur. The minotaur hits you! The minotaur misses you.
You hit the minotaur but do no damage.
The minotaur is moderately wounded.
You constrict the minotaur, but do no damage.
The minotaur hits you!
The minotaur gores you but does no damage.
You body-slam the minotaur!!
The minotaur is heavily wounded.
You constrict the minotaur. You lash the minotaur!
The minotaur is severely wounded.
You constrict the minotaur. The minotaur hits you!!
* * * LOW HITPOINT WARNING * * *
The minotaur closely misses you.
You hit the minotaur but do no damage.
The minotaur is severely wounded.
You constrict the minotaur. The minotaur hits you!
* * * LOW HITPOINT WARNING * * *
The minotaur gores you but does no damage.
It was a potion of curing.
You feel better.
You constrict the minotaur. The minotaur hits you.
* * * LOW HITPOINT WARNING * * *
The minotaur closely misses you.
You feel better.
You constrict the minotaur! The minotaur closely misses you.
The minotaur gores you!
* * * LOW HITPOINT WARNING * * *
You feel better.
You constrict the minotaur. The minotaur hits you!!
You die...

###### #....#
######.##.#
#.....H.#.##
#.#####S#..#
#.##.# #..#.#
##.#.#
#######.#.#
#.......#.#
#.###########.#
#.............#
########.#######


You could see a minotaur.

Vanquished Creatures
  4 two-headed ogres
  A deep elf pyromancer (Bailey)
  2 manticores
  2 cyclopes
  A gargoyle (D:12)
  An unseen horror (D:12)
  An efreet (Gauntlet)
  An ice devil (Gauntlet)
  A hornet (D:10)
  A queen bee (Gauntlet)
  4 trolls
  9 yaks
  4 wraiths
  2 wyverns
  A basilisk (D:9)
  A steam dragon (D:8)
  5 vampire mosquitoes
  Menkaure (D:4)
  2 acid dragons
  9 orc warriors
  Duvessa (D:7)
  An ice beast (D:5)
  3 sky beasts
  4 ogres
  2 wolves (D:8)
  11 centaurs
  3 kobold brigands (D:9)
  2 phantoms
  3 bullfrogs
  2 gnoll sergeants
  10 scorpions
  Dowan (D:7)
  12 wights
  13 killer bees
  A centaur zombie (Ossuary)
  3 human zombies (Ossuary)
  3 jellies
  5 orc priests
  8 hounds
  3 iguanas
  Natasha (D:3)
  10 orc wizards
  2 scorpion zombies (Ossuary)
  3 mummies (Ossuary)
  13 gnolls
  6 adders
  6 white imps
  An ufetubus (D:4)
  2 worms (D:2)
  3 dart slugs
  39 orcs
  7 ball pythons
  6 endoplasms
  2 giant cockroaches
  2 gnoll zombies (Ossuary)
  4 hobgoblins
  8 jackals
  3 quokkas
  4 bats
  4 frilled lizards
  8 goblins
  3 goblin zombies (Ossuary)
  A hobgoblin zombie (Ossuary)
  21 kobolds
  A kobold zombie (Ossuary)
  2 orc zombies (Ossuary)
  6 rats
312 creatures vanquished.

Vanquished Creatures (collateral kills)
  An orc knight (Bailey)
  2 orc warriors (Bailey)
  A centaur (D:12)
  An orc wizard (D:12)
  3 orcs (Bailey)
8 creatures vanquished.

Grand Total: 320 creatures vanquished

Notes
Turn   | Place    | Note
-------+----------+-------------------------------------------
     0 | D:1      | freelancePsychic the Demonspawn Shapeshifter began the
                  | quest for the Orb.
     0 | D:1      | Reached XP level 1. HP: 15/15 MP: 1/1
   163 | D:1      | Gained mutation: You are partially covered in sharp spines.
                  | [demonic ancestry]
   163 | D:1      | Reached XP level 2. HP: 17/21 MP: 2/2
   858 | D:2      | Found a faded altar of an unknown god.
   920 | D:2      | Prayed at the altar of an unknown god.
   920 | D:2      | Became a worshipper of Makhleb the Destroyer
   920 | D:2      | Reached * piety under Makhleb
  1020 | D:2      | Reached XP level 3. HP: 22/26 MP: 3/3
  1521 | D:3      | Reached ** piety under Makhleb
  1536 | D:3      | Reached skill level 2 in Fighting
  1536 | D:3      | Reached XP level 4. HP: 33/33 MP: 4/4
  1575 | D:3      | Noticed Natasha
  1602 | D:3      | Killed Natasha
  1876 | D:2      | Gained mutation: You have a small tail. [demonic ancestry]
  1876 | D:2      | Reached XP level 5. HP: 38/39 MP: 5/5
  2259 | D:4      | Noticed Menkaure
  2393 | D:4      | Found Jopn's Self-Published Books.
  2459 | D:5      | Entered Level 5 of the Dungeon
  2547 | D:5      | Gained mutation: You have a tail ending in a sharp stinger.
                  | [demonic ancestry]
  2547 | D:5      | Reached XP level 6. HP: 40/46 MP: 6/6
  2598 | D:5      | Reached skill level 3 in Fighting
  2598 | D:5      | Reached skill level 5 in Unarmed Combat
  2960 | D:5      | Noticed an ice beast
  2969 | D:5      | Killed an ice beast
  2970 | D:5      | Gained mutation: You have a sharp stinger which inflicts
                  | weakening toxins. [demonic ancestry]
  2970 | D:5      | Reached XP level 7. HP: 25/52 MP: 7/7
  3357 | D:4      | Reached skill level 4 in Fighting
  3718 | D:4      | Killed Menkaure
  3719 | D:4      | Reached skill level 5 in Fighting
  3719 | D:4      | Reached XP level 8. HP: 62/62 MP: 8/8
  3999 | D:6      | Reached *** piety under Makhleb
  4241 | D:5      | Reached skill level 5 in Shapeshifting
  4545 | D:6      | Found Zanufipu's Jewellery Shop.
  4711 | D:6      | Found a runed translucent door.
  4712 | D:6      | Noticed Crazy Yiuf
  4801 | D:6      | Reached skill level 6 in Fighting
  4964 | D:6      | Reached skill level 1 in Invocations
  5369 | D:7      | Found a sand-covered staircase.
  5375 | Ossuary  | Entered an ossuary
  5458 | Ossuary  | Gained mutation: You regenerate a little health from kills.
                  | [demonic ancestry]
  5458 | Ossuary  | Reached XP level 9. HP: 70/70 MP: 11/11
  5495 | Ossuary  | Identified the ring of Losoy {rElec Will- rCorr Int+9
                  | Dex-2}
  5534 | Ossuary  | Reached **** piety under Makhleb
  5547 | Ossuary  | Reached skill level 5 in Invocations
  5710 | D:7      | Found a staircase to the Ecumenical Temple.
  5918 | D:7      | Reached skill level 7 in Fighting
  5950 | D:7      | Noticed Duvessa
  5961 | D:7      | Noticed Dowan
  5964 | D:7      | Killed Duvessa
  5970 | D:7      | Killed Dowan
  6162 | D:7      | Found Votidghuom's Antique Armour Shop.
  6170 | D:7      | Bought a pair of boots for 112 gold pieces
  6307 | D:7      | Found a shadowy altar of Dithmenos.
  6307 | D:7      | Found an iron altar of Okawaru.
  6308 | D:7      | Found a shimmering altar of Xom.
  6726 | D:8      | Reached skill level 8 in Fighting
  6766 | D:8      | Noticed a troll
  6776 | D:8      | Killed a troll
  6777 | D:8      | Gained mutation: You are mostly covered in sharp spines.
                  | [demonic ancestry]
  6777 | D:8      | Reached XP level 10. HP: 77/82 MP: 14/14
  6780 | D:8      | Found a staircase to the Lair.
  6961 | D:8      | Identified the +0 robe "Ikkuupt" {Regen+ MP+9 Dex+3 Stlth-}
  7039 | D:8      | Found a blossoming altar of Fedhas.
  7047 | D:8      | Reached skill level 9 in Fighting
  7253 | D:9      | Reached ***** piety under Makhleb
  7485 | D:10     | Entered Level 10 of the Dungeon
  7559 | D:10     | Found a flagged portal.
  7565 | Bailey   | Entered a bailey
  7828 | Bailey   | Noticed an orc knight
  7838 | Bailey   | Killed an orc knight
  7886 | Bailey   | Found a large runed translucent door.
  7886 | Bailey   | Found a large runed translucent door.
  7887 | Bailey   | Noticed a deep elf pyromancer
  7985 | Bailey   | Killed a deep elf pyromancer
  7986 | Bailey   | Reached skill level 10 in Fighting
  8103 | D:10     | Gained mutation: You are partially covered in rugged brown
                  | scales. (AC +1, +3% HP) [demonic ancestry]
  8103 | D:10     | Reached XP level 11. HP: 85/92 MP: 15/15
  8169 | D:10     | Found an ancient bone altar of Kikubaaqudgha.
  8238 | D:10     | Noticed a two-headed ogre
  8247 | D:10     | Killed a two-headed ogre
  9056 | D:8      | Reached skill level 5 in Dodging
  9063 | D:9      | Noticed a two-headed ogre
  9086 | D:9      | Killed a two-headed ogre
  9664 | D:11     | Noticed a two-headed ogre
  9863 | D:11     | Killed a two-headed ogre
  9864 | D:11     | Reached skill level 10 in Unarmed Combat
  9917 | D:11     | Found a runed translucent gate.
  9917 | D:11     | Found a runed translucent gate.
  9917 | D:11     | Found a runed translucent gate.
 10039 | D:11     | Noticed a two-headed ogre
 10211 | D:11     | Found a staircase to the Orcish Mines.
 10283 | D:11     | Killed a two-headed ogre
 10334 | D:11     | You fall into a shaft and drop 1 floor!
 10342 | D:12     | Found a hide-covered altar of Uskayaw.
 10342 | D:12     | Noticed a +0 falchion
 10342 | D:12     | Noticed a +0 short sword
 10342 | D:12     | Noticed a +0 falchion
 10347 | D:12     | Identified a scroll of acquirement
 10348 | D:12     | Acquired the ring of Temptation {Fire rElec Str+3 Int-3}
 10400 | D:12     | Reached XP level 12. HP: 82/101 MP: 16/16
 10429 | D:12     | Reached skill level 11 in Fighting
 10575 | D:12     | Found a gate leading to a gauntlet.
 10590 | Gauntlet | Entered a Gauntlet
 10590 | Gauntlet | Found a transporter.
 10590 | Gauntlet | Found a transporter.
 10590 | Gauntlet | Found a transporter.
 10671 | Gauntlet | Found a transporter.
 10675 | Gauntlet | Found a transporter.
 10675 | Gauntlet | Found a transporter.
 10681 | Gauntlet | Found a transporter.
 10683 | Gauntlet | Found a transporter.
 10685 | Gauntlet | Found a transporter.
 10686 | Gauntlet | Found a transporter.
 10689 | Gauntlet | Noticed a dire elephant
 10694 | Gauntlet | Found a transporter.
 10694 | Gauntlet | Found a transporter.
 11040 | Gauntlet | Identified the ring "Vyigg" {Will+ Str+3 Dex+2}
 11096 | Gauntlet | Noticed a minotaur
 11111 | Gauntlet | Slain by a minotaur

Illustrated notes

Levels and vault maps discovered:
D:1:      amcnicky_arrival_single_pillar, layout_loops_ring
D:2:      layout_basic, hellmonk_ecumenical_altar_pennies_from_heaven
D:3:      layout_loops_ring, cheibrodos_gnoll_hut, uniq_natasha
D:4:      layout_loops_ring, nicolae_custom_books, uniq_menkaure
D:5:      layout_basic
D:6:      layout_loops_corners, serial_shops, nicolae_shop_rolling_square,
          uniq_crazy_yiuf_cottage
D:7:      layout_cave_pods, gammafunk_temple_overflow_claw,
          minmay_temple_entry_large_hall, serial_shops, shop,
          lightli_ossuary_entry_decrepit_ruins, uniq_duvessa
D:8:      layout_rooms, general_overflow_altar, erik_lair_island
D:9:      layout_basic, hex_medium, minmay_microvault
D:10:     layout_loops_cross, lemuel_round_altar, enter_bailey_3,
          nicolae_figureground_sparkle
D:11:     layout_small_grid, orc_0_dummy, gammafunk_ghost_icy
D:12:     layout_cave_pools, gauntlet_entry_generic, nicolae_uskayaw_en_pointe,
          uniq_lodul
Gauntlet: minmay_gauntlet_mixed_big_or_small [nicolae_gauntlet_arena_quarters,
          minmay_gauntlet_arena_77_double_cross,
          gammafunk_gauntlet_arena_crates, minmay_gauntlet_arena_77_braids,
          nicolae_gauntlet_arena_flowing_pool,
          minmay_gauntlet_arena_77_two_paths, dreamdust_gauntlet_exit_labyrinth]

Skill      XL: |  1  2  3  4  5  6  7  8  9 10 11 12 |
---------------+-------------------------------------+-----
Unarmed Combat | 3 4 5 6 8 9 10 | 10.5
Shapeshifting  | 3 4 6 7 |  7.5
Fighting       | 2 3 5 6 8 10 11 | 11.1
Invocations    | 3 6 |  6.0
Dodging        | 4 7 |  7.6

Action                     |  1- 3 |  4- 6 |  7- 9 | 10-12 || total
---------------------------+-------+-------+-------+-------++-------
  Melee: Unarmed           |    86 |    74 |   280 |   374 ||   814
         Tailslap          |       |     7 |    64 |    87 ||   158
         Punch             |       |     2 |     7 |       ||     9
         Constrict         |       |       |       |     1 ||     1
  Throw: Throwing net      |       |     1 |       |       ||     1
 Invoke: Minor Destruction |       |       |     6 |    12 ||    18
         Lesser Servant of |       |       |       |     4 ||     4
    Use: Scroll            |       |     2 |     6 |    12 ||    20
         Potion            |       |     1 |       |     3 ||     4
   Stab: Sleeping          |     1 |       |       |       ||     1
 Armour: Animal skin       |     7 |       |       |       ||     7
         Ring mail         |    12 |    15 |    76 |   127 ||   230
         Skin              |       |     1 |       |     2 ||     3
  Dodge: Dodged            |    44 |    39 |   158 |   325 ||   566
   Form: Flux              |       |       |     1 |       ||     1
         Anaconda          |       |       |       |     1 ||     1

Table legend: (Time is in decaauts)
 A = Elapsed time spent in this place.
 B = Non-inter-level travel time spent in this place.
 C = Inter-level travel time spent in this place.
 D = Time resting spent in this place.
 E = Time spent auto-exploring this place.
 F = Levels seen in this place.
 G = Mean time per level.
                   A        B        C        D        E       F      G
               +--------+--------+--------+--------+--------+-----+--------+
         Total |  11027 |  10259 |    768 |    355 |   7754 |  15 |  735.1 |
       Dungeon |   9690 |   8922 |    768 |    309 |   6901 |  12 |  807.5 |
       Ossuary |    318 |    318 |      0 |      0 |    162 |   1 |  318.0 |
        Bailey |    506 |    506 |      0 |      0 |    354 |   1 |  506.0 |
      Gauntlet |    512 |    512 |      0 |     46 |    337 |   1 |  512.0 |
               +--------+--------+--------+--------+--------+-----+--------+

Top non-repeatable levels by time:
     D:6: 1164 daAuts
    D:10: 1022 daAuts
     D:5: 985 daAuts
     D:7: 959 daAuts
     D:4: 871 daAuts
     D:1: 831 daAuts
     D:3: 824 daAuts
     D:8: 776 daAuts
     D:9: 770 daAuts
    D:11: 625 daAuts
     D:2: 606 daAuts
Gauntlet: 512 daAuts
  Bailey: 506 daAuts
 Ossuary: 318 daAuts
    D:12: 253 daAuts
